 Dungeon Crawl Stone Soup version 0.19-a0-1686-g35356ef (webtiles) character file.

123 st0uf the Chopper (level 4, 0/34 HPs)
             Began as a Demonspawn Gladiator on Sept 25, 2016.
             Was a Believer of Nemelex Xobeh.
             Killed from afar by an orc wizard (6 damage)
             ... with a magic dart
             ... on level 3 of the Dungeon.
             The game lasted 00:05:44 (1997 turns).

st0uf the Chopper (Demonspawn Gladiator)            Turns: 1997, Time: 00:05:46

Health: 0/34       AC:  7    Str: 16    XL:     4   Next: 79%
Magic:  5/5        EV: 12    Int: 10    God:    Nemelex Xobeh [**....]
Gold:   109        SH:  0    Dex: 13    Spells: 0 memorised, 3 levels left

rFire  . . .     SeeInvis .     a - +0 war axe
rCold  . . .     Gourm    .     g - +0 ring mail
rNeg   . . .     Faith    .     (no shield)
rPois  .         Spirit   .     c - +0 helmet
rElec  .         Dismiss  .     (no cloak)
rCorr  .         Reflect  .     (no gloves)
MR     .....     Harm     .     (no boots)
Stlth  +.........               (no amulet)
                                (no ring)
                                (no ring)

@: no status effects
A: claws 1, rot immunity
a: Renounce Religion


You were on level 3 of the Dungeon.
You worshipped Nemelex Xobeh.
Nemelex Xobeh was pleased with you.
You were not hungry.

You visited 1 branch of the dungeon, and saw 3 of its levels.

You collected 109 gold pieces.

Inventory:

Hand Weapons
 a - a +0 war axe (weapon)
Missiles
 d - 3 throwing nets (quivered)
Armour
 c - a +0 helmet (worn)
 g - a +0 ring mail (worn)
 o - a +0 pair of boots
Jewellery
 k - a +2 ring of dexterity {unknown}
 y - an uncursed ring of ice {unknown}
Scrolls
 e - 4 scrolls of teleportation {unknown}
 j - a scroll of blinking {unknown}
 s - 6 scrolls of identify {unknown}
 t - a scroll of enchant armour {unknown}
 v - 2 scrolls of magic mapping {unknown}
 x - a scroll of remove curse {unknown}
Potions
 i - 2 potions of ambrosia {unknown}
 l - a potion of heal wounds {unknown}
 m - 4 potions of agility {unknown}
 r - a potion of curing {unknown}
 w - 2 potions of haste
 z - a potion of lignification {unknown}
Miscellaneous
 p - a plain deck of destruction
 q - a plain deck of escape
Comestibles
 b - 6 fruits
 f - 2 bread rations
 h - a beef jerky
 n - 3 meat rations


   Skills:
 * Level 2.8 Fighting
 * Level 3.8 Axes
 - Level 1.7 Throwing
 + Level 1.5 Armour
 + Level 3.1 Dodging
 + Level 1.3 Invocations


You had 3 spell levels left.
You didn't know any spells.

Dungeon Overview and Level Annotations

Branches:
Dungeon (3/15)

Altars:
Nemelex Xobeh


Innate Abilities, Weirdness & Mutations

You have sharp fingernails.
You are immune to rotting.


Message History

The orc wizard is moderately wounded.
The orc wizard hits you with a dagger.
You hit the orc wizard.
The orc wizard is heavily wounded.
The orc wizard hits you but does no damage.
You closely miss the orc wizard.
The orc wizard is heavily wounded.
The orc wizard points at you and mumbles some strange words.
The magic dart hits you!
* * * LOW HITPOINT WARNING * * *
The orc wizard misses you.
Your ring mail prevents you from hitting the orc wizard.
The orc wizard is heavily wounded.
The orc wizard closely misses you.
You slash the orc wizard!
The orc wizard is almost dead.
The orc wizard gestures at you while chanting.
The magic dart hits you!
You die...
Your body glows slightly and disappears.

#..# #..# ..# #..# ##.#
#..# .. ...# ##..# ##.
..# .{. ... ..# #o#
##.#####.####
#.#####@####....##......
#......†............####
#.#####......#..##......
#.######.....#####
#........#####
#.######.# ### ###


You could see an orc wizard.

Vanquished Creatures
  Terence (D:2)
  3 adders
  A shadow imp (D:3)
  An ooze (D:3)
  A worm (D:2)
  3 dart slugs
  A leopard gecko (D:3)
  2 orcs (D:3)
  2 giant cockroaches
  2 goblins (D:2)
  5 hobgoblins (D:2)
  8 jackals
  A quokka (D:3)
  3 bats
  6 frilled lizards
  8 kobolds
48 creatures vanquished.

Notes
Turn   | Place    | Note
-------+----------+-------------------------------------------
     0 | D:1      | st0uf the Demonspawn Gladiator began the quest for the Orb.
     0 | D:1      | Reached XP level 1. HP: 16/16 MP: 1/1
   268 | D:1      | Gained mutation: You have sharp fingernails. [demonic ancestry]
   268 | D:1      | Reached XP level 2. HP: 20/22 MP: 2/2
   629 | D:2      | Found a faded altar of an unknown god.
   657 | D:2      | Reached skill level 1 in Armour
   662 | D:2      | Became a worshipper of Nemelex Xobeh the Trickster
   662 | D:2      | Received a gift from Nemelex Xobeh
   662 | D:2      | Reached * piety under Nemelex Xobeh
   662 | D:2      | Received a gift from Nemelex Xobeh
   724 | D:2      | Gained mutation: You are immune to rotting. [demonic ancestry]
   724 | D:2      | Reached XP level 3. HP: 26/27 MP: 3/3
  1314 | D:2      | Noticed Terence
  1324 | D:2      | Killed Terence
  1324 | D:2      | Reached skill level 1 in Invocations
  1324 | D:2      | Reached XP level 4. HP: 14/34 MP: 4/4
  1770 | D:3      | Reached ** piety under Nemelex Xobeh
  1997 | D:3      | Killed from afar by an orc wizard

Vault maps used:
D:1:      saegor_arrival_simple_a
D:2:      ecumenical_altar_2, uniq_terence
D:3:      first_bread

Skill      XL: |  1  2  3  4 |
---------------+-------------+-----
Axes           | 3 |  3.8
Armour         | 1 |  1.5
Invocations    | 1 |  1.3
Dodging        | 3 |  3.1
Fighting       | |  2.8
Throwing       | |  1.7

Action                   |  1- 3 |  4- 6 || total
-------------------------+-------+-------++-------
Melee: War axe           |    86 |    68 ||   154
  Eat: Chunk             |     1 |     3 ||     4
Armor: Ring mail         |    45 |    48 ||    93
       Leather armour    |     2 |       ||     2
Dodge: Dodged            |    63 |    52 ||   115
